 Dungeon Crawl Stone Soup version 0.32-a0-893-gf85d74f360 (webtiles) character file.

Game seed: 4751435928107638922

489 atomiclemming the Covered (level 6, -1/52 HPs)
             Began as a Mountain Dwarf Fighter on Apr 3, 2024.
             Was an Initiate of Yredelemnul.
             Slain by a gnoll
             ... wielding a +1 spear of freezing
              (4 damage)
             ... on level 3 of the Dungeon.
             The game lasted 00:30:48 (2965 turns).

atomiclemming the Covered (Mountain Dwarf Fighter)  Turns: 2965, Time: 00:30:52

Health: -1/52      AC: 17    Str: 19    XL:     6   Next: 90%
Magic:  6/6        EV:  4    Int:  8    God:    Yredelemnul [......]
Gold:   220        SH:  4    Dex: 11    Spells: 5/5 levels left

rFire   . . .        e - +0 hand axe (pain)
rCold   . . .        c - +0 buckler
rNeg    . . .        j - +3 plate armour
rPois   .            (no helmet)
rElec   .            (no cloak)
rCorr   .            (no gloves)
SInv    .            (no boots)
Will    .....        (no amulet) Stlth
                     (no ring)
HPRegen 0.28/turn    (no ring)
MPRegen 0.10/turn

%: no passive effects
@: wreathed by umbra
A: runic magic, artefact enchanting, hooves 1, iridescent scales 1, high MP 1
a: Renounce Religion, Light the Black Torch, Recall Undead Harvest


You were on level 3 of the Dungeon.
You worshipped Yredelemnul.
Yredelemnul was noncommittal.
You visited 1 branch of the dungeon, and saw 3 of its levels.
You also visited: Sewer.

You collected 220 gold pieces.

Inventory:

Hand Weapons
 a - a +0 flail
 e - a +0 hand axe of pain (weapon)
Missiles
 d - 4 poisoned darts (quivered)
Armour
 b - a +0 scale mail
 c - a +0 buckler (worn)
 j - a +3 plate armour (worn)
 k - the +1 scale mail of Hubris {Harm Will- Int+8}
   (You found it on level 3 of the Dungeon)

   Int+8:     It affects your intelligence (+8).
   Will-:     It decreases your willpower.
   Harm:      It increases damage dealt and taken.
Talismans
 i - a maw talisman
 m - a dragon-blood talisman
Scrolls
 f - a scroll of amnesia {unknown}
 o - a scroll of identify
 p - 4 scrolls of teleportation
 r - a scroll of brand weapon {unknown}
Potions
 g - 2 potions of degeneration
 l - a potion of berserk rage
 n - a potion of brilliance {unknown}
 q - 3 potions of enlightenment
 s - 2 potions of haste
Miscellaneous
 h - a condenser vane


   Skills:
 + Level 4.1 Fighting
 + Level 4.9(5.3) Axes
 + Level 2.7(4.2) Maces & Flails
 + Level 5.6 Armour
 + Level 0.7 Dodging
 + Level 4.4 Shields


You had 5 spell levels left.
You didn't know any spells.
Your spell library was empty.

Dungeon Overview and Level Annotations

Branches:
Dungeon (3/15)              Sewer (visited)

Altars:
Hepliaklqana
Yredelemnul

Shops:
D:1 [


Innate Abilities, Weirdness & Mutations

Your spellcasting is much less encumbered by armour.
You can use scrolls of enchantment on lesser artefacts.
You have large cloven feet.
You are partially covered in iridescent scales. (AC +2)
You have an increased reservoir of magic. (+10% MP)


Message History

The gnoll is moderately wounded.
You closely miss the gnoll. The gnoll closely misses you.
The gnoll hits you from afar with a +0 halberd.
The gnoll hits you but does no damage.
You barely miss the gnoll. Your kick misses the gnoll.
The gnoll is moderately wounded.
You hit the gnoll. The gnoll hits you with a +0 whip.
The gnoll barely misses you.
A gnoll comes into view. It is wielding a +0 whip.
The gnoll hits you but does no damage. You block the gnoll's attack.
You hit the gnoll.
The gnoll is heavily wounded.
You hit the gnoll. The gnoll barely misses you.
You block the gnoll's attack. x2
The gnoll barely misses you.
You hit the gnoll.
You kill the gnoll!
Their soul becomes fuel for the torch.
You barely miss the gnoll. The gnoll hits you but does no damage.
The gnoll closely misses you. The gnoll hits you with a +0 whip.
You swap places.
Your frilled lizard zombie bites the gnoll but does no damage.
The gnoll hits your frilled lizard zombie with a +0 whip.
Your frilled lizard zombie is destroyed!
You block the gnoll's attack. The gnoll hits you with a +0 whip.
* * * LOW HITPOINT WARNING * * *
The gnoll hits you from afar with a +0 halberd.
* * * LOW HITPOINT WARNING * * *
The gnoll hits you but does no damage.
You completely miss the gnoll. Your kick misses the gnoll.
You completely miss the gnoll. The gnoll hits you but does no damage.
You block the gnoll's attack. The gnoll hits you but does no damage.
You block the gnoll's attack.
You slash the gnoll! You kick the gnoll.
The gnoll is severely wounded.
You closely miss the gnoll.
The gnoll hits you from afar with a +1 spear of freezing!
* * * LOW HITPOINT WARNING * * *
The gnoll freezes you.
You die...
Your body rises from the dead as a mindless zombie.

..####....###....)
..................
..###.............
######.##.#.#####
#.......#.#.).... .
#.###.####..#.#....#.
..$#.....#.......##.....
......##^........##.....
#.[.gg@ZZ.......##.....
#....g##....##...#....#
#....g..#....#.#.#....#
###.#.#.####.###.......
#.#.#. .# #....... .
.### .# #....#.# . . ##
#......# .. . ##.....#
###...#


You could see 4 gnolls, a friendly rat zombie and a friendly ogre zombie.

Vanquished Creatures
  An ogre (D:3)
  2 crocodiles (Sewer)
  A sleepcap (D:3)
  A malarious merfolk avatar (Sewer)
  A sickly merfolk siren (Sewer)
  A gnoll (D:3)
  4 adders
  2 river rats (D:3)
  3 dart slugs
  2 bats (D:2)
  9 endoplasms
  4 giant cockroaches
  11 hobgoblins
  3 quokkas
  13 ball pythons
  11 frilled lizards
  6 goblins
  3 kobolds
  36 rats
114 creatures vanquished.

Vanquished Creatures (others)
  An endoplasm zombie (D:3)
  A frilled lizard zombie (D:3)
2 creatures vanquished.

Grand Total: 116 creatures vanquished

Notes
Turn   | Place    | Note
-------+----------+-------------------------------------------
     0 | D:1      | atomiclemming the Mountain Dwarf Fighter began the quest
                  | for the Orb.
     0 | D:1      | Reached XP level 1. HP: 19/19 MP: 1/1
    96 | D:1      | Reached XP level 2. HP: 25/26 MP: 2/2
   251 | D:1      | Found Ucekat's Armour Shop.
   700 | D:1      | You fall into a shaft and drop 1 floor!
   723 | D:2      | Reached XP level 3. HP: 30/31 MP: 3/3
  1231 | D:2      | Reached skill level 1 in Axes
  1258 | D:2      | Reached skill level 4 in Armour
  1403 | D:2      | Reached XP level 4. HP: 27/38 MP: 4/4
  1575 | D:2      | Found a faded altar of an unknown god.
  1877 | D:3      | Found a glowing drain.
  1889 | Sewer    | Entered a sewer
  2031 | Sewer    | Reached XP level 5. HP: 24/45 MP: 5/5
  2376 | Sewer    | Noticed a crocodile
  2392 | Sewer    | Killed a crocodile
  2393 | Sewer    | Reached skill level 5 in Armour
  2417 | Sewer    | Noticed a crocodile
  2431 | Sewer    | Killed a crocodile
  2432 | Sewer    | Reached XP level 6. HP: 18/52 MP: 6/6
  2537 | Sewer    | Gained mutation: You have an increased reservoir of magic.
                  | (+10% MP) [potion of mutation]
  2537 | Sewer    | Gained mutation: You have large cloven feet. [potion of
                  | mutation]
  2537 | Sewer    | Gained mutation: You are partially covered in iridescent
                  | scales. (AC +2) [potion of mutation]
  2656 | D:3      | Found a hazy altar of Hepliaklqana.
  2661 | D:3      | Found a basalt altar of Yredelemnul.
  2705 | D:3      | Became a worshipper of Yredelemnul the Fallen
  2719 | D:3      | Identified the +1 scale mail of Hubris {Harm Will- Int+8}
  2965 | D:3      | Slain by a gnoll

Illustrated notes

Levels and vault maps discovered:
D:1:      lemuel_arrival_room, layout_basic, serial_glass, glass_columns_b,
          glass_columns_b, serial_shops, shop, hangedman_feature_mirror,
          minmay_ruptured
D:2:      layout_rooms, nicolae_ecumenical_pavilion, minmay_nonomino_d4
D:3:      layout_basic, chequers_temple_overflow_statue_of_worship,
          portal_sewer_entry_c, minmay_cut_off

Skill      XL: |  1  2  3  4  5 |
---------------+----------------+-----
Axes           | 2 4 |  4.9
Armour         | 4 5 |  5.6
Shields        | 4 |  4.4
Fighting       | 4 |  4.1
Maces & Flails | |  2.7
Dodging        | |  0.7

Action                     |  1- 3 |  4- 6 || total
---------------------------+-------+-------++-------
  Melee: Hand axe          |   166 |   262 ||   428
         Kick              |       |    10 ||    10
 Invoke: Light the Black T |       |     1 ||     1
    Use: Scroll            |     1 |     3 ||     4
         Potion            |       |     4 ||     4
 Armour: Scale mail        |   143 |     8 ||   151
         Plate armour      |       |   220 ||   220
  Dodge: Dodged            |    73 |    61 ||   134
  Block: Buckler           |    35 |    61 ||    96

Table legend: (Time is in decaauts)
 A = Elapsed time spent in this place.
 B = Non-inter-level travel time spent in this place.
 C = Inter-level travel time spent in this place.
 D = Time resting spent in this place.
 E = Time spent auto-exploring this place.
 F = Levels seen in this place.
 G = Mean time per level.
                   A        B        C        D        E       F      G
               +--------+--------+--------+--------+--------+-----+--------+
         Total |   3127 |   3127 |      0 |    200 |      0 |   4 |  781.8 |
       Dungeon |   2350 |   2350 |      0 |      0 |      0 |   3 |  783.3 |
         Sewer |    776 |    776 |      0 |    200 |      0 |   1 |  776.0 |
               +--------+--------+--------+--------+--------+-----+--------+

Top non-repeatable levels by time:
     D:1: 1124 daAuts
   Sewer: 776 daAuts
     D:2: 734 daAuts
     D:3: 492 daAuts
